AoeStats
← _atheris_

Arabia

510412875Analyzed
1v1 RM · 1d ago on Sep 30, 2026· 31m 43s· 2 players
Game mode
Random Map
Map size
Tiny (2 player)
Population
200
Speed
Normal
Resources
Standard
Victory
Conquest
Starting age
Dark Age
Ending age
Imperial Age
RankedLock teamsTeams togetherTeam positionsShared explorationLock speedFull tech treeHidden civsTurbo modeCheats
Victory
Defeat
🇻🇪 Britons · Venezuela
941
+17
🇨🇱 Magyars · Chile
967
-17
TipoSerio
6:34 Loom
10:01 Feudal Age
13:50 Double-Bit Axe
19:37 Castle Age
17:30 Fletching
19:35 Horse Collar
20:21 Crossbowman
21:07 Bodkin Arrow
27:55 Ballistics
27:05 Pikeman
_atheris_
9:42 Feudal Age
11:49 Man-at-Arms
19:04 Bloodlines
22:17 Castle Age
22:02 Fletching
21:59 Double-Bit Axe
24:24 Husbandry
27:45 Bodkin Arrow
29:25 Elite Skirmisher
30:53 Thumb Ring
Connection lost

Rejoining the realm…

Still unreachable

The connection could not be restored.

Session expired

The server has moved on; the page needs a fresh start.